AoeStats
← Clueless Clown

Nomad

508318561Analyzed
4v4 RM · 10d ago on Sep 21, 2026· 62m 8s· 8 players
Game mode
Random Map
Map size
231×231
Population
200
Speed
Normal
Resources
Standard
Victory
Conquest
Starting age
Dark Age
Ending age
Imperial Age
RankedLock teamsTeams togetherTeam positionsShared explorationLock speedFull tech treeHidden civsTurbo modeCheats
Victory
Defeat
🇧🇷 Persians · Brazil
1106
+15
1105
+15
🇺🇸 Koreans · United States
1104
+15
🇲🇽 Malians · Mexico
1040
+17
🇧🇷 Britons · Brazil
1094
-16
🇫🇷 Franks · France
1089
-16
🇨🇱 Vietnamese · Chile
1076
-15
🇦🇷 Saracens · Argentina
1071
-15
carcaage
14:51 Feudal Age
14:59 Loom
15:25 Fishing Lines
15:42 Double-Bit Axe
20:07 Castle Age
19:10 Wheelbarrow
20:56 Gillnets
22:02 Bow Saw
23:34 Fletching
24:44 Gold Mining
25:31 Crossbowman
26:58 Bodkin Arrow
27:19 Pikeman
28:36 Ballistics
28:29 Forging
33:17 Iron Casting
33:29 Scale Mail Armor
36:06 Chain Mail Armor
37:53 Squires
40:45 Imperial Age
41:53 Conscription
45:54 Plate Mail Armor
45:03 Heavy Camel Rider
46:04 Husbandry
47:06 Bloodlines
48:34 Scale Barding Armor
49:54 Blast Furnace
52:54 Light Cavalry
55:54 Elite Mameluke
kantd3
14:41 Feudal Age
21:00 Castle Age
19:49 Double-Bit Axe
19:58 Stone Mining
20:19 Gold Mining
21:52 Fletching
21:50 Town Watch
23:59 Bodkin Arrow
26:17 Forging
34:54 Iron Casting
36:05 Scale Barding Armor
42:52 #83
45:16 Imperial Age
43:31 Wheelbarrow
46:19 Hand Cart
46:53 Conscription
48:16 Chemistry
49:41 Bow Saw
50:33 Siege Engineers
TheLawRøcK®
13:23 Feudal Age
19:28 Castle Age
17:45 Gold Mining
18:27 Double-Bit Axe
19:36 Scale Barding Armor
21:08 Wheelbarrow
32:25 Fletching
34:12 Bodkin Arrow
37:25 Hand Cart
37:53 Gold Shaft Mining
37:14 Horse Collar
37:56 Heavy Plow
40:24 Bow Saw
41:54 Chain Barding Armor
45:20 Stone Mining
45:50 Husbandry
46:53 Forging
Ricardo
4:24 Loom
15:29 Feudal Age
17:27 Double-Bit Axe
Clueless Clown
6:58 Loom
12:48 Feudal Age
13:41 Feudal Age
18:17 Castle Age
16:09 Double-Bit Axe
16:17 Gold Mining
17:11 Fishing Lines
19:39 Bow Saw
19:47 Crossbowman
21:44 Fletching
23:02 Scale Mail Armor
23:20 Murder Holes
26:58 Horse Collar
27:31 Bodkin Arrow
29:55 Clinker Construction
31:30 Heavy Plow
32:45 Ballistics
37:58 Imperial Age
35:56 Masonry
38:57 Bracer
40:00 Chemistry
38:48 Arrowslits
40:02 Conscription
40:07 Eupseong
41:31 Siege Engineers
51:37 Treadmill Crane
52:28 Architecture
52:55 Wheelbarrow
52:06 Town Watch
53:38 Elite Fire Lancer
57:48 Chain Mail Armor
58:13 Gold Shaft Mining
59:36 Elite War Wagon
61:30 Plate Mail Armor
RaulelPiadoso
12:12 Loom
14:42 Feudal Age
15:11 Double-Bit Axe
22:10 Castle Age
20:19 Fishing Lines
21:15 Fletching
24:04 Bodkin Arrow
25:42 Gillnets
28:10 Medium Warships
29:38 Bow Saw
31:12 Pikeman
42:24 Imperial Age
40:09 Forging
39:56 Demolition Ship
43:02 Iron Casting
48:15 Chemistry
49:24 Wheelbarrow
49:33 Ballistics
52:41 Conscription
53:21 Hand Cart
59:54 Hand Cart
rodolfo casas noten¨o
5:05 Loom
15:42 Feudal Age
19:06 Bloodlines
21:14 Castle Age
19:42 Scale Barding Armor
21:52 Forging
23:57 Chain Barding Armor
25:08 Iron Casting
26:05 Husbandry
29:29 Wheelbarrow
28:40 Horse Collar
30:03 Gold Mining
32:58 Stone Mining
33:26 Hand Cart
34:22 Fletching
35:03 Bodkin Arrow
34:31 Elite Skirmisher
36:38 Heavy Plow
37:52 Padded Archer Armor
38:57 Leather Archer Armor
44:56 Imperial Age
45:12 Squires
45:58 Bracer
47:00 Chemistry
45:48 Pikeman
46:38 Chatras
46:09 Sappers
46:36 Imperial Skirmisher
46:40 Halberdier
48:20 Thumb Ring
49:32 Crop Rotation
50:39 Ring Archer Armor
50:39 Double-Bit Axe
51:37 Scale Mail Armor
52:52 Chain Mail Armor
56:30 Plate Mail Armor
57:23 Capped Ram
58:55 Bow Saw
59:09 Paper Money
59:25 Hoardings
60:14 Arson
62:47 Bloodlines
Big Albatroz
4:55 Loom
13:08 Feudal Age
15:59 Wheelbarrow
20:41 Castle Age
20:04 Bloodlines
20:05 Double-Bit Axe
20:22 Horse Collar
23:47 Scale Barding Armor
28:37 Husbandry
33:07 Gold Mining
33:20 Fletching
34:24 Gold Shaft Mining
36:56 Chain Barding Armor
41:36 Imperial Age
47:04 Hand Cart
46:44 Elite War Elephant
52:40 Bodkin Arrow
52:46 Padded Archer Armor
52:54 Crossbowman
54:41 Kamandaran
57:45 Thumb Ring
58:46 Leather Archer Armor
Connection lost

Rejoining the realm…

Still unreachable

The connection could not be restored.

Session expired

The server has moved on; the page needs a fresh start.